General information
- name: BNet
- type: Ladder team game (AT/RT)
- host: Battle.net
- saver: ToweredCoward
map: Cherryville
- players: 8
- length: 12:53
- speed: Fast
- version: 1.27 W3XP
- replay type: Public
» download(77 KB)
Players
team 1 (loser)
baLLsaQ (
blue | 123 APM | 1587 actions | 12:52)
4 Blademaster
2 Wind Walk
2 Critical Strike
» actions
| Assign group hotkey | 8 | |
| Basic commands | 62 | |
| Build / train | 43 | |
| Enter build submenu | 18 | |
| Enter hero's abilities submenu | 4 | |
| Give item / drop item | 6 | |
| Remove unit from queue | 3 | |
| Right click | 956 | |
| Select / deselect | 156 | |
| Select group hotkey | 288 | |
| Use ability | 43 | |
1587 total
» units
| Peon | 10 | |
| Wind Rider | 8 | |
| Troll Batrider | 4 | |
22 total
» upgrades
| Spiked Barricades | 1 | |
| Ranged Weapons | 2 | |
| Armor | 1 | |
4 total
» buildings
| War Mill | 1 | |
| Orc Burrow | 4 | |
| Altar of Storms | 2 | |
| Watch Tower | 4 | |
| Voodoo Lounge | 2 | |
| Stronghold | 1 | |
| Beastiary | 2 | |
16 total
» build order
00:16 War Mill
00:36 Orc Burrow
00:58 Altar of Storms
01:51 Watch Tower
01:58 Voodoo Lounge
02:34 Watch Tower
02:43 Orc Burrow
03:29 Stronghold
03:33 Orc Burrow
04:27 Watch Tower
04:30 Watch Tower
05:52 Beastiary
05:52 Beastiary
06:10 Altar of Storms
06:32 Voodoo Lounge
06:55 Orc Burrow
» items
| Healing Salve | 2 | |
| Lesser Clarity Potion | 1 | |
| Scroll of Speed | 1 | |
| Boots of Speed | 1 | |
| Circlet of Nobility | 1 | |
| Staff of Teleportation | 1 | |
| Potion of Healing | 1 | |
8 total

»
A-Rodge (
teal | 25 APM | 124 actions | 05:01)
1 Demon Hunter
1 Mana Burn
» actions
| Assign group hotkey | 6 | |
| Build / train | 16 | |
| Enter build submenu | 9 | |
| Enter hero's abilities submenu | 1 | |
| Right click | 21 | |
| Select / deselect | 45 | |
| Select group hotkey | 16 | |
| Use ability | 10 | |
124 total
» units
» buildings
| Altar of Elders | 1 | |
| Moon Well | 3 | |
| Hunter's Hall | 1 | |
| Ancient of War | 1 | |
| Ancient Protector | 1 | |
| Tree of Ages | 1 | |
8 total
» build order
00:10 Altar of Elders
00:16 Moon Well
01:01 Hunter's Hall
01:27 Moon Well
01:58 Ancient of War
02:57 Ancient Protector
03:18 Moon Well
04:32 Tree of Ages

»
Combat_Vet (
orange | 28 APM | 357 actions | 12:46)
1 Keeper of the Grove
1 Entangling Roots
» actions
| Build / train | 51 | |
| Enter build submenu | 21 | |
| Enter hero's abilities submenu | 1 | |
| Right click | 51 | |
| Select / deselect | 208 | |
| Use ability | 25 | |
357 total
» units
» upgrades
| Ultravision | 2 | |
| Strength of the Moon | 4 | |
| Strength of the Wild | 2 | |
| Reinforced Hides | 2 | |
| Moon Armor | 2 | |
| Abolish Magic | 1 | |
| Sentinel | 1 | |
| Upgrade Moon Glaive | 1 | |
15 total
» buildings
| Altar of Elders | 1 | |
| Moon Well | 10 | |
| Ancient of Wonders | 1 | |
| Tree of Ages | 1 | |
| Hunter's Hall | 1 | |
| Ancient of Lore | 2 | |
| Ancient of War | 1 | |
| Tree of Eternity | 2 | |
19 total
» build order
00:08 Altar of Elders
00:12 Moon Well
01:00 Moon Well
02:09 Ancient of Wonders
02:30 Tree of Ages
02:37 Hunter's Hall
04:09 Moon Well
04:43 Moon Well
04:52 Ancient of Lore
04:57 Ancient of Lore
06:46 Ancient of War
06:52 Moon Well
07:48 Moon Well
08:18 Tree of Eternity
09:20 Tree of Eternity
09:36 Moon Well
09:42 Moon Well
09:46 Moon Well
10:24 Moon Well
» items

»
Frizzlegooch (
yellow | 67 APM | 851 actions | 12:42)
4 Blademaster
2 Wind Walk
2 Critical Strike
2 Shadow Hunter
1 Hex
1 Healing Wave
» actions
| Assign group hotkey | 32 | |
| Build / train | 50 | |
| Enter build submenu | 13 | |
| Enter hero's abilities submenu | 6 | |
| Give item / drop item | 2 | |
| Remove unit from queue | 2 | |
| Right click | 358 | |
| Select / deselect | 131 | |
| Select group hotkey | 209 | |
| Use ability | 48 | |
851 total
» units
» upgrades
| Melee Weapons | 2 | |
| Armor | 3 | |
| Berserker Strength | 1 | |
6 total
» buildings
| Altar of Storms | 1 | |
| Orc Burrow | 6 | |
| Barracks | 1 | |
| War Mill | 1 | |
| Voodoo Lounge | 1 | |
| Stronghold | 1 | |
| Fortress | 1 | |
| Tauren Totem | 2 | |
14 total
» build order
00:04 Altar of Storms
00:06 Orc Burrow
00:27 Barracks
01:41 Orc Burrow
02:39 War Mill
02:50 Voodoo Lounge
04:00 Stronghold
04:07 Orc Burrow
06:12 Orc Burrow
08:24 Fortress
10:10 Orc Burrow
10:14 Orc Burrow
12:36 Tauren Totem
12:38 Tauren Totem
» items
| Healing Salve | 2 | |
| Lesser Clarity Potion | 2 | |
| Scroll of Town Portal | 1 | |
5 total
team 2 (winner)

»
Antrax221 (
green | 62 APM | 797 actions | 12:53)
4 Tauren Chieftain
2 Endurance Aura
2 Shockwave
» actions
| Assign group hotkey | 14 | |
| Build / train | 35 | |
| Enter build submenu | 18 | |
| Enter hero's abilities submenu | 4 | |
| Right click | 377 | |
| Select / deselect | 118 | |
| Select group hotkey | 195 | |
| Use ability | 36 | |
797 total
» units
| Peon | 8 | |
| Grunt | 8 | |
| Goblin Zeppelin | 1 | |
17 total
» upgrades
| Pillage | 1 | |
| Armor | 2 | |
| Melee Weapons | 1 | |
| Berserker Strength | 1 | |
| Witch Doctor Training | 1 | |
6 total
» buildings
| Altar of Storms | 1 | |
| Orc Burrow | 4 | |
| Barracks | 1 | |
| War Mill | 1 | |
| Watch Tower | 6 | |
| Voodoo Lounge | 1 | |
| Stronghold | 1 | |
| Spirit Lodge | 2 | |
| Fortress | 1 | |
18 total
» build order
00:05 Altar of Storms
00:12 Orc Burrow
00:17 Barracks
01:31 War Mill
02:00 Orc Burrow
04:20 Watch Tower
04:24 Watch Tower
04:41 Voodoo Lounge
05:32 Orc Burrow
06:15 Stronghold
06:34 Watch Tower
06:53 Orc Burrow
07:47 Watch Tower
08:44 Spirit Lodge
08:58 Watch Tower
09:54 Fortress
10:19 Watch Tower
10:50 Spirit Lodge
» items
| Scroll of Speed | 1 | |
| Healing Salve | 2 | |
| Potion of Healing | 1 | |
| Orb of Lightning | 1 | |
5 total
ToweredCoward (
purple | 21 APM | 277 actions | 12:53)
» actions
| Basic commands | 26 | |
| Build / train | 18 | |
| Enter build submenu | 16 | |
| Right click | 78 | |
| Select / deselect | 105 | |
| Use ability | 34 | |
277 total
» units
| Peon | 11 | |
| Goblin Shredder | 1 | |
| Goblin Zeppelin | 1 | |
13 total
» upgrades
| Spiked Barricades | 2 | |
| Reinforced Defenses | 1 | |
3 total
» buildings
| Orc Burrow | 1 | |
| War Mill | 1 | |
| Watch Tower | 20 | |
| Stronghold | 1 | |
| Altar of Storms | 1 | |
| Fortress | 1 | |
25 total
» build order
00:20 Orc Burrow
00:37 War Mill
02:18 Watch Tower
02:20 Watch Tower
02:25 Watch Tower
02:27 Watch Tower
03:35 Stronghold
04:12 Watch Tower
04:14 Watch Tower
04:15 Watch Tower
04:18 Watch Tower
04:20 Watch Tower
04:24 Watch Tower
04:26 Watch Tower
04:28 Watch Tower
04:30 Watch Tower
04:33 Watch Tower
04:35 Watch Tower
04:39 Watch Tower
06:39 Altar of Storms
08:38 Fortress
11:34 Watch Tower
11:38 Watch Tower
11:39 Watch Tower
11:42 Watch Tower
WhatUCan (
pink | 33 APM | 427 actions | 12:53)
4 Archmage
2 Summon Water Elemental
2 Brilliance Aura
» actions
| Assign group hotkey | 3 | |
| Basic commands | 3 | |
| Build / train | 54 | |
| Enter build submenu | 20 | |
| Enter hero's abilities submenu | 4 | |
| Right click | 185 | |
| Select / deselect | 134 | |
| Select group hotkey | 2 | |
| Use ability | 22 | |
427 total
» units
| Peasant | 21 | |
| Footman | 8 | |
| Rifleman | 8 | |
| Siege Engine | 5 | |
42 total
» upgrades
| Gunpowder | 2 | |
| Plating | 2 | |
| Barrage | 1 | |
5 total
» buildings
| Altar of Kings | 1 | |
| Farm | 9 | |
| Barracks | 2 | |
| Lumber Mill | 1 | |
| Blacksmith | 1 | |
| Arcane Vault | 1 | |
| Keep | 1 | |
| Town Hall | 1 | |
| Castle | 1 | |
| Workshop | 2 | |
20 total
» build order
00:07 Altar of Kings
00:11 Farm
00:45 Barracks
00:53 Farm
01:55 Farm
02:24 Farm
03:48 Farm
03:54 Lumber Mill
04:06 Blacksmith
04:56 Arcane Vault
05:06 Keep
06:40 Town Hall
06:58 Barracks
07:43 Castle
08:10 Workshop
08:17 Workshop
09:17 Farm
09:21 Farm
09:27 Farm
09:54 Farm
Warriar (
red | 29 APM | 377 actions | 12:53)
3 Goblin Tinker
1 Pocket Factory
2 Engineering Upgrade
» actions
| Assign group hotkey | 9 | |
| Basic commands | 31 | |
| Build / train | 43 | |
| Enter build submenu | 14 | |
| Enter hero's abilities submenu | 3 | |
| Right click | 40 | |
| Select / deselect | 97 | |
| Select group hotkey | 100 | |
| Use ability | 40 | |
377 total
» units
» upgrades
» buildings
| Orc Burrow | 4 | |
| Altar of Storms | 1 | |
| War Mill | 1 | |
| Watch Tower | 4 | |
| Stronghold | 1 | |
| Voodoo Lounge | 1 | |
| Beastiary | 2 | |
| Fortress | 1 | |
15 total
» build order
00:23 Orc Burrow
00:39 Altar of Storms
00:53 War Mill
02:19 Watch Tower
02:21 Watch Tower
02:52 Watch Tower
03:44 Stronghold
04:32 Voodoo Lounge
04:55 Watch Tower
05:01 Orc Burrow
05:06 Orc Burrow
06:12 Beastiary
06:22 Beastiary
06:43 Orc Burrow
09:58 Fortress
» items
| Lesser Clarity Potion | 4 | |
| Healing Salve | 1 | |
5 total
Chat log
(00:22 / All) WhatUCan: i ave been pink or teal the last 8 games
(00:44 / All) ToweredCoward: the game knows that you're a sensitive man
(01:11 / All) WhatUCan: i thought the gmae thinks im from miami
(01:27 / All) WhatUCan: or a dolphins fan
(04:13 / All) A-Rodge: lollll
(05:06 / All) Antrax221: gg?
(05:10 / All) Frizzlegooch: yea
(05:29 / All) Warriar: hiow does it feel, to be resposible for ur teams loss blu
(05:43 / All) ToweredCoward: I bet he feels like a ballsack
(05:44 / All) Frizzlegooch: bro i just ate 5 g of shrooms dont blame this on anyone
(05:44 / All) baLLsaQ: i feel like a big homo
(05:45 / Allies) Antrax221: bring heros
(05:47 / All) baLLsaQ: just like you
(05:56 / All) WhatUCan: so your fat too?
(06:00 / All) Frizzlegooch: ye
(06:01 / All) baLLsaQ: a big fat homo
(06:02 / All) Warriar: im actually average
(06:21 / Allies) Antrax221: hes getting wyverns
(06:24 / Allies) Antrax221: we ahve no aa
(07:16 / All) baLLsaQ: peace
(07:47 / Allies) WhatUCan: should i go tanks then?
(08:00 / Allies) Antrax221: yes but have to do it quick
(08:12 / Allies) Warriar: i got bats
(08:16 / Allies) Warriar: get melee
(08:25 / Allies) Antrax221: k
(09:14 / Allies) Warriar: nvm
(09:17 / Allies) Warriar: pupr is his name
(09:20 / Allies) Warriar: gg im out
(09:23 / Allies) Warriar: we down 1
(09:26 / Allies) Warriar: its game
(09:28 / Allies) Warriar: goodluck
(09:41 / Allies) WhatUCan: dont leave we can win
(09:45 / Allies) Warriar: nha we cant
(09:47 / Allies) Warriar: gg
(10:29 / Allies) WhatUCan: tp in?
(10:35 / Allies) Antrax221: no
(10:38 / Allies) Antrax221: im good
(10:39 / Allies) WhatUCan: kk
(11:45 / Allies) WhatUCan: i need wood